 Dungeon Crawl Stone Soup version 0.29-a0-1027-gcd8c55af63 (webtiles) character file.

Game seed: 11533833344434371076

5 gelatine the Stinger (level 1, 0/13 HPs)
             Began as a Demonspawn Venom Mage on Aug 13, 2022.
             Slain by a jackal (2 damage)
             ... on level 1 of the Dungeon.
             The game lasted 00:00:45 (164 turns).

gelatine the Stinger (Demonspawn Venom Mage)         Turns: 164, Time: 00:00:46

Health: 0/13       AC:  2    Str:  8    XL:     1   Next: 66%
Magic:  2/3        EV: 12    Int: 16    God:
Gold:   0          SH:  0    Dex: 13    Spells: 3/4 levels left

rFire   . . .      SeeInvis .   c - +0 whip
rCold   . . .      Faith    .   (no shield)
rNeg    . . .      Spirit   .   a - +0 robe
rPois   .          Reflect  .   (no helmet)
rElec   .          Harm     .   (no cloak)
rCorr   .          Rampage  .   (no gloves)
Will    .....                   (no boots)
Stlth   ++........              (no amulet)
HPRegen 0.04/turn               (no ring)
MPRegen 0.08/turn               (no ring)

@: very slightly contaminated
A: no striking features
a: no special abilities


You were on level 1 of the Dungeon.
You visited 1 branch of the dungeon, and saw 1 of its levels.

Inventory:

Hand Weapons
 c - a +0 whip (weapon)
Armour
 a - a +0 robe (worn)


   Skills:
 + Level 1.7 Dodging
 + Level 1.7 Stealth
 + Level 2.0 Spellcasting
 + Level 1.0 Transmutations
 + Level 3.2 Poison Magic


You had 3 spell levels left.
You knew the following spells:

 Your Spells              Type           Power      Damage    Failure   Level
a - Sting                 Tmut/Pois      32%        1d4       9%          1

Your spell library contained the following spells:

 Spells                   Type           Power      Damage    Failure   Level
 Poisonous Vapours        Pois/Air       12%        N/A       16%         2
 Mephitic Cloud           Conj/Pois/Air  5%         N/A       36%         3
 Olgreb's Toxic Radiance  Pois           12%        N/A       47%         4


Dungeon Overview and Level Annotations

Branches:
Dungeon (1/15)

Altars:


Message History

The jackal closely misses you. The kobold hits you with a +0 whip.
You hit the kobold but do no damage. Your punch misses the kobold.
The kobold is heavily wounded.
The jackal barely misses you. The kobold hits you but does no damage.
You completely miss the kobold.
The kobold is heavily wounded.
The jackal completely misses you. The kobold closely misses you.
The jackal barely misses you.
You barely miss the kobold.
The kobold is heavily wounded.
The jackal barely misses you. The kobold hits you with a +0 whip.
Casting: Sting (safe; 9% risk of failure)
Confirm with . or Enter, or press ? or * to list all spells.
Aiming: Sting (safe; 9% risk of failure)
Press: ? - help, Shift-Dir - straight line, f - kobold
Aim: a kobold, wielding a +0 whip and quivering stones (heavily wounded, 60% to hit)
The sting hits the kobold.
The kobold is poisoned.
You kill the kobold!
The jackal misses you. The jackal bites you.
Things that are here:
a +0 whip; a stone; a kobold corpse
Okay, then.
c - a +0 whip (weapon)
You barely miss the jackal. The jackal barely misses you. x2
You hit the jackal but do no damage. The jackal closely misses you.
The jackal bites you.
* * * LOW HITPOINT WARNING * * *
You miss the jackal. The jackal barely misses you.
Magic courses through your body. The jackal bites you.
* * * LOW HITPOINT WARNING * * *
Casting: Sting (safe; 9% risk of failure)
Confirm with . or Enter, or press ? or * to list all spells.
Aiming: Sting (safe; 9% risk of failure)
Press: ? - help, Shift-Dir - straight line, f - jackal
Aim: a jackal (60% to hit)
You miscast Sting.
You are very lightly contaminated with residual magic.
Nothing appears to happen.
The jackal bites you.
You die...

#.# #.# ## #.# ..
##.####### #.#
#........# #.#
#..#####.# #.#
#..# #.#
##.#######..#
#.##
#..@hgg.....#
#... #
##..#######.##
#### #...#..†..#
#.# .g......#.#
#l#
........#.#####.#
..>.....#.h.l..h#
....†.#.#########
.....###. ..... .


You could see a jackal and 2 hobgoblins.

Vanquished Creatures
  2 jackals (D:1)
  A kobold (D:1)
  A frilled lizard (D:1)
  A rat (D:1)
5 creatures vanquished.

Notes
Turn   | Place    | Note
-------+----------+-------------------------------------------
     0 | D:1      | gelatine the Demonspawn Venom Mage began the quest for the
                  | Orb.
     0 | D:1      | Reached XP level 1. HP: 13/13 MP: 3/3
   148 | D:1      | Reached skill level 1 in Transmutations
   164 | D:1      | Slain by a jackal

Illustrated notes

Levels and vault maps discovered:
D:1:      lemuel_arrival_hallway, layout_loops_ring,
          ebering_ecumenical_altar_abandoned, minmay_stone_trees_medium,
          minmay_heptomino_h4

Skill      XL: |  1 |
---------------+----+-----
Transmutations | 1 |  1.0
Dodging        | |  1.7
Stealth        | |  1.7
Spellcasting   | |  2.0
Poison Magic   | |  3.2

Action                   || total
-------------------------++-------
Melee: Unarmed           ||     7
       Whip              ||     3
 Cast: Sting             ||     5
  Use: Potion            ||     1
Armor: Robe              ||     5
Dodge: Dodged            ||    15

Table legend: (Time is in decaauts)
 A = Elapsed time spent in this place.
 B = Non-inter-level travel time spent in this place.
 C = Inter-level travel time spent in this place.
 D = Time resting spent in this place.
 E = Time spent auto-exploring this place.
 F = Levels seen in this place.
 G = Mean time per level.
                   A        B        C        D        E       F      G
               +--------+--------+--------+--------+--------+-----+--------+
         Total |    163 |    163 |      0 |      0 |    123 |   1 |  163.0 |
       Dungeon |    163 |    163 |      0 |      0 |    123 |   1 |  163.0 |
               +--------+--------+--------+--------+--------+-----+--------+

Top non-repeatable levels by time:
     D:1: 163 daAuts
